 Dungeon Crawl Stone Soup version 0.28.0-47-ge53b351184 (webtiles) character file.

Game seed: 13927796613062214726

60 101zpm the Gusty (level 4, -6/32 HPs)
             Began as a Gnoll Air Elementalist on Apr 24, 2022.
             Mangled by an orc
             ... wielding a +0 flail
              (7 damage)
             ... on level 5 of the Dungeon.
             The game lasted 00:04:01 (1940 turns).

101zpm the Gusty (Gnoll Air Elementalist)           Turns: 1940, Time: 00:04:02

Health: -6/32      AC:  3    Str: 14    XL:     4   Next: 4%
Magic:  1/11       EV: 13    Int: 16    God:
Gold:   100        SH:  0    Dex: 12    Spells: 12/13 levels left

rFire   . . .      SeeInvis .   c - +0 short sword
rCold   . . .      Faith    .   (no shield)
rNeg    . . .      Spirit   .   a - +0 robe
rPois   .          Reflect  .   (no helmet)
rElec   .          Harm     .   d - +0 cloak
rCorr   .          Rampage  .   (no gloves)
Will    .....                   (no boots)
Stlth   +.........              (no amulet)
HPRegen 0.10/turn               g - +6 ring of strength
MPRegen 0.12/turn               (no ring)

@: confused
A: fangs 1, strong nose, distributed training
a: no special abilities


You were on level 5 of the Dungeon.
You visited 1 branch of the dungeon, and saw 5 of its levels.

You collected 100 gold pieces.

Inventory:

Hand Weapons
 c - a +0 short sword (weapon)
Armour
 a - a +0 robe (worn)
 d - a +0 cloak (worn)
Jewellery
 g - a +6 ring of strength (left hand)
Scrolls
 f - a scroll of identify {unknown}
 h - a scroll of immolation {unknown}
 i - a scroll of fog {unknown}
Potions
 b - 2 potions of flight {unknown}
 e - 3 potions of curing {unknown}


   Skills:
 + Level 1.0 Fighting
 + Level 1.0 Short Blades
 + Level 1.0 Long Blades
 + Level 1.0 Axes
 + Level 1.0 Maces & Flails
 + Level 1.0 Polearms
 + Level 1.0 Staves
 + Level 1.0 Slings
 + Level 1.0 Bows
 + Level 1.0 Crossbows
 + Level 1.0 Throwing
 + Level 1.0 Armour
 + Level 4.6 Dodging
 + Level 4.2 Stealth
 + Level 1.0 Shields
 + Level 1.0 Unarmed Combat
 + Level 5.0 Spellcasting
 + Level 2.2 Conjurations
 + Level 0.7 Hexes
 + Level 0.7 Summonings
 + Level 0.7 Necromancy
 + Level 0.7 Translocations
 + Level 0.7 Transmutations
 + Level 0.7 Fire Magic
 + Level 0.7 Ice Magic
 + Level 5.4 Air Magic
 + Level 0.7 Earth Magic
 + Level 0.7 Poison Magic
 + Level 1.1 Invocations
 + Level 1.0 Evocations


You had 12 spell levels left.
You knew the following spells:

 Your Spells              Type           Power      Damage    Failure   Level
a - Shock                 Conj/Air       64%        1d7       3%          1

Your spell library contained the following spells:

 Spells                   Type           Power      Damage    Failure   Level
 Static Discharge         Conj/Air       16%        N/A       4%          2
 Swiftness                Air            21%        N/A       4%          3
 Airstrike                Air            10%        N/A       16%         4


Dungeon Overview and Level Annotations

Branches:
Dungeon (5/15)
 Temple: D:4-7

Altars:

Shops:
D:2 ?


Innate Abilities, Weirdness & Mutations

You have very sharp teeth.
Your uncanny sense of smell can sniff out nearby items.
Your experience applies equally to all skills.


Message History

You're too confused to move!
You feel less confused.
You barely miss the orc wizard.
The orc wizard is heavily wounded.
The orc wizard hits you with a +0 dagger.
* * * LOW HITPOINT WARNING * * *
You hit the orc wizard.
You bite the orc wizard, but do no damage.
The orc wizard is severely wounded.
The orc wizard points at you and mumbles some strange words.
The puff of flame hits you.
* * * LOW HITPOINT WARNING * * *
You hit the orc wizard but do no damage.
The orc wizard is severely wounded.
The orc closely misses you. The orc wizard closely misses you.
You hit the orc wizard.
The orc wizard is severely wounded.
The orc barely misses you. The orc closely misses you.
The orc wizard points at you and mumbles some strange words.
You are confused.
You barely miss the orc wizard.
The orc wizard is severely wounded.
The orc barely misses you. The orc hits you but does no damage.
The orc wizard hits you with a +0 dagger.
* * * LOW HITPOINT WARNING * * *
The orc hits you but does no damage.
You hit the orc wizard but do no damage.
You bite the orc wizard, but do no damage.
The orc wizard is severely wounded.
The orc closely misses you.
The orc wizard gestures at you while chanting.
You are more confused.
The orc closely misses you.
You are too confused!
You hit the orc wizard.
You kill the orc wizard!
The orc hits you with a +0 dagger of pain.
* * * LOW HITPOINT WARNING * * *
The orc hits you with a +0 flail!
You die...

+... #..##
#...# # #...
#. #..## #..
#...# #...
#...#
#...)##.o.#
#....)..<@#
#.....##.o##
#.... ####
+... #.. ##


You could see 2 orcs.

Vanquished Creatures
  An orc wizard (D:5)
  An adder (D:2)
  A worm (D:2)
  A dart slug (D:3)
  6 orcs
  3 ball pythons
  4 bats
  4 endoplasms
  2 giant cockroaches
  A goblin (D:2)
  2 hobgoblins (D:2)
  4 jackals (D:2)
  2 frilled lizards
  2 kobolds
  3 rats (D:1)
37 creatures vanquished.

Notes
Turn   | Place    | Note
-------+----------+-------------------------------------------
     0 | D:1      | 101zpm the Gnoll Air Elementalist began the quest for the
                  | Orb.
     0 | D:1      | Reached XP level 1. HP: 13/13 MP: 6/6
   415 | D:1      | Reached XP level 2. HP: 19/19 MP: 5/7
   895 | D:2      | Found Inel's Magic Scroll Shoppe.
  1223 | D:2      | Reached XP level 3. HP: 25/25 MP: 5/9
  1326 | D:2      | Reached skill level 5 in Spellcasting
  1596 | D:2      | Reached skill level 1 in Invocations
  1792 | D:3      | Reached skill level 1 in Fighting
  1792 | D:3      | Reached skill level 1 in Short Blades
  1792 | D:3      | Reached skill level 1 in Long Blades
  1792 | D:3      | Reached skill level 1 in Axes
  1792 | D:3      | Reached skill level 1 in Maces & Flails
  1792 | D:3      | Reached skill level 1 in Polearms
  1792 | D:3      | Reached skill level 1 in Staves
  1792 | D:3      | Reached skill level 1 in Slings
  1792 | D:3      | Reached skill level 1 in Bows
  1792 | D:3      | Reached skill level 1 in Crossbows
  1792 | D:3      | Reached skill level 1 in Throwing
  1792 | D:3      | Reached skill level 1 in Armour
  1792 | D:3      | Reached skill level 1 in Shields
  1792 | D:3      | Reached skill level 1 in Unarmed Combat
  1792 | D:3      | Reached skill level 1 in Evocations
  1836 | D:5      | Entered Level 5 of the Dungeon
  1923 | D:5      | Reached XP level 4. HP: 32/32 MP: 3/11
  1940 | D:5      | HP: 1/32 [orc/+0 dagger of pain (2)]
  1940 | D:5      | Mangled by an orc

Illustrated notes

Levels and vault maps discovered:
D:1:      dpeg_arrival_arbitrary_a, layout_basic
D:2:      layout_loops_ring, serial_shops, shop
D:3:      layout_loops_ring, minitemple, portal_sewer_entry_d
D:4:      layout_basic
D:5:      layout_gridville, serial_shops, nicolae_shop_overgrown_old_shop,
          chequers_jeans, kennysheep_pointless_box, uniq_ijyb

Skill      XL: |  1  2  3 |
---------------+----------+-----
Conjurations   | 2 |  2.2
Spellcasting   | 5 |  5.0
Invocations    | 1 |  1.1
Fighting       | 1 |  1.0
Short Blades   | 1 |  1.0
Long Blades    | 1 |  1.0
Axes           | 1 |  1.0
Maces & Flails | 1 |  1.0
Polearms       | 1 |  1.0
Staves         | 1 |  1.0
Slings         | 1 |  1.0
Bows           | 1 |  1.0
Crossbows      | 1 |  1.0
Throwing       | 1 |  1.0
Armour         | 1 |  1.0
Shields        | 1 |  1.0
Unarmed Combat | 1 |  1.0
Evocations     | 1 |  1.0
Dodging        | |  4.6
Stealth        | |  4.2
Hexes          | |  0.7
Summonings     | |  0.7
Necromancy     | |  0.7
Translocations | |  0.7
Transmutations | |  0.7
Fire Magic     | |  0.7
Ice Magic      | |  0.7
Air Magic      | |  5.4
Earth Magic    | |  0.7
Poison Magic   | |  0.7

Action                   |  1- 3 |  4- 6 || total
-------------------------+-------+-------++-------
Melee: Unarmed           |     4 |       ||     4
       Short sword       |       |     7 ||     7
       Bite              |       |     2 ||     2
 Cast: Shock             |    78 |     4 ||    82
  Use: Scroll            |     1 |       ||     1
Armor: Robe              |     5 |     2 ||     7
Dodge: Dodged            |    14 |     8 ||    22
